 Dungeon Crawl Stone Soup version 0.31.0-9-g3a7656b989 (webtiles) character file.

Game seed: 6564405096568401646

26 qw the Shooter (level 2, -1/24 HPs)
             Began as a Demigod Hunter on Feb 2, 2024.
             Slain by a hound (5 damage)
             ... on level 2 of the Dungeon.
             The game lasted 00:00:00 (218 turns).

qw the Shooter (Demigod Hunter)                      Turns: 218, Time: 00:00:01

Health: -1/24      AC:  3    Str: 12    XL:     2   Next: 69%
Magic:  4/4        EV: 12    Int: 11    God:
Gold:   31         SH:  0    Dex: 17    Spells: 1/1 levels left

rFire   . . .        a - +0 shortbow
rCold   . . .        (shield currently unavailable)
rNeg    . . .        c - +0 leather armour
rPois   .            (no helmet)
rElec   .            (no cloak)
rCorr   .            (no gloves)
SInv    .            (no boots)
Will    .....        (no amulet)
Stlth   ++           (no ring)
HPRegen 0.24/turn    (no ring)
MPRegen 0.09/turn

%: no passive effects
@: no status effects
A: high MP 1, forlorn, divine attributes
a: no special abilities


You were on level 2 of the Dungeon.
You visited 1 branch of the dungeon, and saw 2 of its levels.

You collected 31 gold pieces.


Innate Abilities, Weirdness & Mutations

You have an increased reservoir of magic. (+10% MP)
You shall have no god before yourself.
Your divine heritage dramatically boosts your attributes as you level up.


   Skills:
 - Level 2.0 Fighting
 + Level 4.3 Ranged Weapons
 - Level 1.7 Dodging
 - Level 0.8 Stealth


You had one spell level left.
You didn't know any spells.
Your spell library was empty.

Inventory:

Hand Weapons
 a - a +0 shortbow (weapon)
Armour
 c - a +0 leather armour (worn)
 f - a +0 ring mail
Scrolls
 b - a scroll of butterflies
 d - a scroll of noise {unknown}
 e - a scroll of vulnerability {unknown}
 g - a scroll of revelation {unknown}
 h - a scroll of identify {unknown}

Dungeon Overview and Level Annotations

Branches:
Dungeon (1/15)


Message History

You shoot an arrow. The hound barks!
The arrow hits the hound but does no damage.
A quokka comes into view.
You shoot an arrow. The arrow misses the hound.
An endoplasm comes into view.
You shoot an arrow.
The arrow hits the hound but does no damage.
You shoot an arrow. The arrow closely misses the hound.
The arrow hits the endoplasm but does no damage.
The hound barely misses you. The hound bites you but does no damage.
You shoot an arrow. The arrow closely misses the hound.
The arrow hits the endoplasm but does no damage.
The hound closely misses you. The hound bites you.
You shoot an arrow. The arrow hits the hound.
The hound is moderately wounded.
The hound barely misses you. The quokka barely misses you. The hound bites you.
The quokka bites you but does no damage.
You shoot an arrow. The arrow barely misses the hound.
The arrow hits the endoplasm.
The endoplasm is almost dead.
The hound bites you but does no damage. The quokka closely misses you.
The hound closely misses you.
The endoplasm hits you but does no damage.
You shoot an arrow. The arrow barely misses the endoplasm.
The quokka misses you. The hound barely misses you.
The endoplasm hits you but does no damage.
The quokka bites you.
You shoot an arrow. The arrow hits the endoplasm!
You kill the endoplasm!
The hound misses you. The hound bites you. The quokka bites you.
You shoot an arrow. The arrow closely misses the hound.
The hound bites you but does no damage. The quokka barely misses you.
The hound bites you. The quokka closely misses you.
You shoot an arrow. The arrow closely misses the hound.
The hound barely misses you. The hound bites you. The quokka bites you.
You shoot an arrow. The arrow hits the hound!
The hound is severely wounded.
The hound bites you.
You die...

........# .........
##........ #........
#......# ......##.
#........ ####@h......
#....r...... #
#.........%.
####++#######...........
......##...##.........#.
.##...##...###........#
.##....#...###..........
.......#...#............
...........#..%.........


You could see a hound and a quokka.

Vanquished Creatures
  A dart slug (D:2)
  2 ball pythons
  An endoplasm (D:2)
  2 giant cockroaches
  4 goblins
  4 hobgoblins
  A jackal (D:2)
  2 kobolds (D:1)
  3 rats (D:1)
20 creatures vanquished.

Notes
Turn   | Place    | Note
-------+----------+-------------------------------------------
     0 | D:1      | qw the Demigod Hunter began the quest for the Orb.
     0 | D:1      | Reached XP level 1. HP: 17/17 MP: 3/3
     0 | D:1      | 0 ||| qw: Version: 0.3-a-155-g5e7d8dd
     0 | D:1      | 0 ||| qw: Game counter: 419
     0 | D:1      | 0 ||| qw: Melee chars always use a shield: true
     0 | D:1      | 0 ||| qw: God list: Okawaru
     0 | D:1      | 0 ||| qw: Allow faded altars: false
     0 | D:1      | 0 ||| qw: Do Orc after clearing Dungeon:15 true
     0 | D:1      | 0 ||| qw: Do second Lair branch before Depths: true
     0 | D:1      | 0 ||| qw: Lair rune preference: random
     0 | D:1      | 0 ||| qw: Goals: Normal
     0 | D:1      | 0 ||| PLANNING D:1-11
    44 | D:1      | Reached skill level 4 in Ranged Weapons
    77 | D:1      | Reached XP level 2. HP: 24/24 MP: 4/4
    96 | D:1      | You fall into a shaft and drop 1 floor!
   217 | D:2      | HP: 4/24 [hound (4)]
   218 | D:2      | Slain by a hound

Levels and vault maps discovered:
D:1:      roadster_arrival_rocket_small, layout_rooms
D:2:      kennysheep_big_flooded_room, layout_basic, roderic_lattice_a,
          uniq_jessica, uniq_robin

Skill      XL: |  1  2 |
---------------+-------+-----
Ranged Weapons | 4 |  4.3
Fighting       | 2 |  2.0
Dodging        | |  1.7
Stealth        | |  0.8

Action                     || total
---------------------------++-------
   Fire: Shortbow          ||    58
 Armour: Leather armour    ||    17
  Dodge: Dodged            ||    16

Table legend:
 A = Non-vault XP
 B = Vault XP
 C = Vault XP percentage of total XP
 D = Non-vault monster count
 E = Vault monster count
 F = Vault count percentage of total count
                 A         B        C        D         E       F
            +---------+---------+-------+---------+---------+-------
      Total |      38 |       0 |   0.0 |      20 |       0 |   0.0
            +---------+---------+-------+---------+---------+-------
        D:1 |      22 |       0 |   0.0 |      13 |       0 |   0.0
        D:2 |      16 |       0 |   0.0 |       7 |       0 |   0.0
            +---------+---------+-------+---------+---------+-------
